 Dungeon Crawl Stone Soup version 0.25-a0-707-g603da076d2 (webtiles) character file.

Game seed: 16217372207689032582, levelgen mode: classic

1741 EnegeticOcto the Chopper (level 8, 9/78 HPs)
             Began as a Deep Dwarf Fighter on Apr 4, 2020.
             Quit the game on level 6 of the Dungeon.
             The game lasted 00:02:46 (2478 turns).

EnegeticOcto the Chopper (Deep Dwarf Fighter)       Turns: 2478, Time: 00:02:47

Health: 9/78       AC: 13    Str: 27    XL:     8   Next: 77%
Magic:  0/0        EV:  6    Int:  8    God:
Gold:   182        SH: 11    Dex: 12    Spells: 7/7 levels left

rFire    . . .     SeeInvis .   a - +1 war axe
rCold    . . .     Gourm    .   c - +0 kite shield
rNeg     . . .     Faith    .   j - +0 chain mail
rPois    .         Spirit   .   o - +0 helmet
rElec    .         Reflect  .   (no cloak)
rCorr    +         Harm     .   p - +1 pair of gloves
MR       +....                  (no boots)
Stlth    ..........             (no amulet)
HPRegen  0.00/turn              r - +4 ring of strength
MPRegen  0.07/turn              y - ring of resist corrosion

@: non-regenerating
A: damage resistance, heal wounds, sense surroundings 1, no regeneration
a: Heal Wounds


You were on level 6 of the Dungeon.
You were not hungry.

You visited 1 branch of the dungeon, and saw 7 of its levels.

You collected 182 gold pieces.

Inventory:

Hand Weapons
 a - a +1 war axe (weapon)
Armour
 b - a +0 scale mail
 c - a +0 kite shield (worn)
 j - a +0 chain mail (worn)
 o - a +0 helmet (worn)
 p - a +1 pair of gloves (worn)
Jewellery
 r - a +4 ring of strength (left hand)
 u - a +2 ring of strength
 y - a ring of resist corrosion (right hand)
 z - an uncursed ring of poison resistance
Scrolls
 d - 2 scrolls of blinking {@r3}
 g - 2 scrolls of teleportation {@r2}
 h - 5 scrolls of fear
 i - 2 scrolls of remove curse {@r6}
Potions
 f - a potion of haste {unknown}
 k - a potion of might {@q3}
 l - a potion of invisibility
 m - a potion of mutation
 n - 3 potions of heal wounds {@q2}
 q - 2 potions of curing {@q1}
 s - a potion of brilliance
Comestibles
 e - 5 rations
 t - 6 chunks of flesh


   Skills:
 * Level 6.6 Fighting
 * Level 7.4 Axes
 + Level 5.9 Armour
 + Level 6.0 Shields


You had 7 spell levels left.
You didn't know any spells.
Your spell library was empty.

Dungeon Overview and Level Annotations

Branches:
Dungeon (7/15)
 Temple: D:4-7

Altars:
Fedhas
Okawaru
Trog
Uskayaw
Zin

Annotations:
D:6 2 runed translucent doors, Mgcat's ghost, novice GrAr
D:7 Duvessa


Innate Abilities, Weirdness & Mutations

You are resistant to damage.
You can heal yourself by infusing magical energy.
You passively map a small area around you.
You do not regenerate.


Message History

You are too injured to fight recklessly!
You are too injured to fight recklessly!
You are too injured to fight recklessly!
You are too injured to fight recklessly!
You are too injured to fight recklessly!
You are too injured to fight recklessly!
You are too injured to fight recklessly!
You are too injured to fight recklessly!
You are too injured to fight recklessly!
You are too injured to fight recklessly!
You are too injured to fight recklessly!
You are too injured to fight recklessly!
You are too injured to fight recklessly!
Press: ? - help, v - describe, . - travel
Here: an orc warrior, wielding a +2 short sword of electrocution and wearing a +0 chain mail (moderately wounded)
The floor, spattered with blood.
Your magical essence is drained by the effort!
You feel much better. The iguana bites you.
The orc warrior hits you with a +2 short sword of electrocution.
The orc warrior hits you with a +2 short sword of electrocution!
Things that are here:
a +0 short sword; a +0 chain mail; an orc corpse You feel much better.
You block the iguana's attack.
The orc warrior hits you with a +2 short sword of electrocution!
You closely miss the orc warrior.
The orc warrior is moderately wounded.
You barely miss the iguana.
The iguana bites you but does no damage.
You block the orc warrior's attack.
You slash the orc warrior!
The orc warrior is severely wounded.
You hit the iguana. You block the iguana's attack.
The orc warrior barely misses you. You block the iguana's attack.
You closely miss the orc warrior.
The orc warrior is severely wounded.
You hit the iguana but do no damage. The orc warrior barely misses you.
The iguana bites you.
You hit the orc warrior.
The orc warrior is severely wounded.
You hit the iguana but do no damage.
The orc warrior hits you with a +2 short sword of electrocution!
You are electrocuted!
* * * LOW HITPOINT WARNING * * *
The iguana bites you but does no damage.
You block the orc warrior's attack.
You are too injured to fight recklessly!
Your magical essence is drained by the effort!
You feel much better.
The iguana bites you but does no damage.
The orc warrior hits you with a +2 short sword of electrocution.
You are electrocuted!
* * * LOW HITPOINT WARNING * * *
You are too injured to fight recklessly!
You are too injured to fight recklessly!
You are too injured to fight recklessly!
You are too injured to fight recklessly!
You are too injured to fight recklessly!
You are too injured to fight recklessly!
You are too injured to fight recklessly!
You don't have enough innate magic capacity.
You don't have enough innate magic capacity.
You barely miss the orc warrior.
The orc warrior is severely wounded.
You slash the iguana!
You kill the iguana!
The orc warrior hits you but does no damage.
You completely miss the orc warrior.
The orc warrior is severely wounded.
The orc warrior hits you with a +2 short sword of electrocution!
* * * LOW HITPOINT WARNING * * *
You hit the orc warrior.
The orc warrior is almost dead.
You block the orc warrior's attack.
You slice the orc warrior!!
You kill the orc warrior!
Your Shields skill increases to level 6!
Things that are here:
a +2 short sword of electrocution; a +0 chain mail
Things that are here:
a helmet; a +0 halberd
Things that are here:
a +0 spear; a +0 halberd You butcher the iguana corpse.
t - 2 chunks of flesh You see here an iguana skeleton. x2
You butcher the orc corpse.
t - 6 chunks of flesh (gained 4)
Things that are here:
a +0 short sword; a +0 chain mail; an orc skeleton
Things that are here:
a +0 short sword; a +0 chain mail; an orc skeleton Done exploring.
Done exploring.
Done exploring.
Done exploring.
Done exploring.
Done exploring.
Done exploring.
Done exploring.
Are you sure you want to abandon this character and quit the game? (Confirm with "yes".)

#########
#############........
##....>##.............
##....@)..........[....
#......รท.........))....
#................).)...
#................##.##.
#................##.##.
#..............<.##..##
#................###.##
#...............## #.##
###.....##.......###.##


There were no monsters in sight!

Vanquished Creatures
  Menkaure (D:6)
  An orc warrior (D:6)
  An ice beast (D:5)
  3 ogres
  3 centaurs
  Blork the orc (D:5)
  2 scorpions (D:5)
  A howler monkey (D:5)
  A bullfrog zombie (D:6)
  2 crimson imps (D:5)
  A hound (D:4)
  2 orc priests
  2 iguanas
  5 orc wizards
  Ijyb (D:5)
  2 worker ants
  15 gnolls
  7 adders
  An ooze (D:6)
  2 adder skeletons
  2 worms (D:2)
  3 dart slugs
  2 leopard geckos
  12 orcs
  A ball python (D:2)
  3 bats (D:1)
  5 giant cockroaches
  3 goblins
  4 hobgoblins
  4 jackals (D:6)
  A frilled lizard (D:5)
  A jackal skeleton (D:6)
  3 kobolds
  2 rats
100 creatures vanquished.

Notes
Turn   | Place    | Note
-------+----------+-------------------------------------------
     0 | D:1      | EnegeticOcto the Deep Dwarf Fighter began the quest for the
                  | Orb.
     0 | D:1      | Reached XP level 1. HP: 20/20 MP: 1/1
   109 | D:1      | Reached XP level 2. HP: 18/27 MP: 2/2
   302 | D:2      | Reached XP level 3. HP: 29/34 MP: 3/3
   458 | D:2      | Reached skill level 3 in Axes
   642 | D:4      | Reached XP level 4. HP: 34/42 MP: 3/3
   683 | D:4      | Reached XP level 5. HP: 45/50 MP: 3/3
   743 | D:4      | Found an iron altar of Okawaru.
   744 | D:4      | Found a hide-covered altar of Uskayaw.
   762 | D:4      | Noticed an ogre
   770 | D:4      | Killed an ogre
   770 | D:4      | Reached skill level 4 in Axes
   790 | D:4      | Reached XP level 6. HP: 55/57 MP: 4/4
   870 | D:4      | Found a bloodstained altar of Trog.
  1063 | D:4      | Found a blossoming altar of Fedhas.
  1178 | D:5      | Entered Level 5 of the Dungeon
  1215 | D:5      | Noticed Blork the orc
  1230 | D:5      | Killed Blork the orc
  1230 | D:5      | Reached skill level 5 in Axes
  1235 | D:5      | Found a glowing silver altar of Zin.
  1258 | D:5      | Noticed Ijyb
  1279 | D:5      | Killed Ijyb
  1279 | D:5      | Reached XP level 7. HP: 44/66 MP: 4/4
  1328 | D:5      | Reached skill level 5 in Fighting
  1477 | D:5      | Reached skill level 5 in Shields
  1522 | D:5      | Reached skill level 5 in Armour
  1544 | D:5      | Reached skill level 6 in Axes
  1599 | D:5      | Reached XP level 8. HP: 41/75 MP: 4/4
  1952 | D:6      | Found a large runed translucent door.
  1952 | D:6      | Found a large runed translucent door.
  1952 | D:6      | Noticed Menkaure
  1955 | D:6      | Noticed Mgcat's ghost (novice GrAr)
  1961 | D:6      | Killed Menkaure
  1962 | D:6      | Reached skill level 7 in Axes
  2008 | D:6      | Identified the Almanac of Igneous Earth
  2423 | D:7      | Noticed Duvessa
  2478 | D:6      | Quit the game

Levels and vault maps discovered:
D:1:      erik_arrival_triangle_medium, layout_basic
D:2:      layout_loops_corners
D:3:      layout_basic, nicolae_gozag_zags_fifth_avenue, serial_corexii_hall,
          corexii_hall_statues_x, chequers_hall_statues_corner_a, first_ration,
          uniq_natasha
D:4:      layout_rooms, overflow_temple_1_default, kennysheep_mini_moat,
          chequers_temple_overflow_statue_of_worship, grunt_ministairs_2,
          kennysheep_diamond
D:5:      layout_loops_ring, lemuel_coloured_pillars_altar, uniq_blork_the_orc,
          uniq_ijyb
D:6:      layout_rooms, ebering_ghost_disaster_area, kennysheep_generic_room_14,
          uniq_menkaure
D:7:      layout_cave_pools, grunt_temple_overflow_open, lemuel_crystal_altar,
          minmay_temple_entry_slanted, basic_altar, the_bakery,
          minmay_manual_monstrance, uniq_duvessa

Skill      XL: |  1  2  3  4  5  6  7  8 |
---------------+-------------------------+-----
Fighting       | 3 4 5 6 |  6.6
Axes           | 3 4 5 6 7 |  7.4
Armour         | 4 5 |  5.9
Shields        | 4 5 6 |  6.0

Action                   |  1- 3 |  4- 6 |  7- 9 || total
-------------------------+-------+-------+-------++-------
Melee: War axe           |   106 |   117 |   176 ||   399
 Abil: Heal Wounds       |     2 |     6 |    15 ||    23
  Use: Scroll            |       |       |    13 ||    13
  Eat: Chunk             |       |     2 |     4 ||     6
Armor: Scale mail        |    51 |    60 |    60 ||   171
       Chain mail        |       |       |    11 ||    11
Dodge: Dodged            |    40 |    51 |    66 ||   157
Block: Kite shield       |    70 |    94 |   125 ||   289

Table legend:
 A = Non-vault XP
 B = Vault XP
 C = Vault XP percentage of total XP
 D = Non-vault monster count
 E = Vault monster count
 F = Vault count percentage of total count
                 A         B        C        D         E       F
            +---------+---------+-------+---------+---------+-------
      Total |    2084 |     404 |  16.2 |      91 |       9 |   9.0
            +---------+---------+-------+---------+---------+-------
        D:1 |      21 |       0 |   0.0 |      11 |       0 |   0.0
        D:2 |      55 |       0 |   0.0 |      14 |       0 |   0.0
        D:3 |      14 |       0 |   0.0 |       1 |       0 |   0.0
        D:4 |     363 |      89 |  19.7 |      14 |       5 |  26.3
        D:5 |    1064 |     136 |  11.3 |      23 |       2 |   8.0
        D:6 |     558 |     179 |  24.3 |      25 |       2 |   7.4
        D:7 |       9 |       0 |   0.0 |       3 |       0 |   0.0
            +---------+---------+-------+---------+---------+-------
